AoeStats
← GDL El Pinguino

QS Arena

503277146Analyzed
1v1 RM · 1mo ago on Aug 30, 2026· 36m 56s· 2 players
Game mode
Random Map
Map size
Tiny (2 player)
Population
200
Speed
Normal
Resources
Standard
Victory
Conquest
Starting age
Dark Age
Ending age
Imperial Age
RankedLock teamsTeams togetherTeam positionsShared explorationLock speedFull tech treeHidden civsTurbo modeCheats
Victory
Defeat
🇨🇳 Inca · China
1676
+16
🇲🇽 Spanish · Mexico
1678
-16
Player86688262
8:02 Feudal Age
9:03 Double-Bit Axe
9:16 Loom
12:09 Castle Age
10:26 Horse Collar
20:04 Fletching
20:50 Guard Tower
23:43 Wheelbarrow
25:24 Bow Saw
25:14 Heavy Plow
26:26 Bodkin Arrow
32:56 Imperial Age
31:53 Town Watch
32:24 Hand Cart
31:33 Crossbowman
32:18 Thumb Ring
35:52 Ballistics
35:42 Gold Mining
35:45 Stone Mining
36:04 Thumb Ring
36:08 Bracer
GDL El Pinguino
10:46 Feudal Age
15:08 Castle Age
13:35 Loom
14:38 Double-Bit Axe
19:20 Wheelbarrow
35:00 Imperial Age
Connection lost

Rejoining the realm…

Still unreachable

The connection could not be restored.

Session expired

The server has moved on; the page needs a fresh start.